 Dungeon Sprint DCSS version 0.27.1-1-g398f81649c (webtiles) character file.

Game seed: 12187720104869358883

2805 styxcanada the Imperceptible (level 9, -14/48 HPs)
             Began as a Spriggan Brigand on Sept 17, 2021.
             Was an Initiate of Gozag.
             Demolished by a spriggan druid (16 damage)
             ... while paralysed by a hornet
             ... in the Dungeon (Sprint IV: "Fedhas' Mad Dash").
             The game lasted 00:09:32 (1321 turns).

styxcanada the Imperceptible (Spriggan Brigand)     Turns: 1321, Time: 00:09:33

Health: -14/48     AC:  3    Str:  7    XL:     9   Next: 44%
Magic:  8/10       EV:  4    Int: 14    God:    Gozag
Gold:   674        SH:  0    Dex: 20    Spells: 8/8 levels left

rFire    + . .     SeeInvis +   a - +2 dagger
rCold    . . .     Faith    .   t - +2 buckler {rF+}
rNeg     . . .     Spirit   .   b - +0 robe
rPois    .         Reflect  .   (helmet restricted)
rElec    .         Harm     .   n - +0 cloak of Dramatic Exits {Int+2}
rCorr    .         Rampage  .   (gloves unavailable)
Will     +....     NoTele   +   (boots unavailable)
Stlth    ++++++++..             m - amulet of invisibility {+Inv}
HPRegen  0.16/turn              (no ring)
MPRegen  0.12/turn              (no ring)

@: paralysed, slightly contaminated, slowed, invisible, very quick
A: very small, no large weapons, unfitting armour, see invisible, speed 3
a: Renounce Religion, Evoke Invisibility, Potion Petition, Call Merchant, Bribe
Branch


You were in the Dungeon.
You worshipped Gozag.
Gozag was pleased with you.
You visited 1 branch You collected 1623 gold pieces.
You spent 949 gold pieces at shops.

Inventory:

Hand Weapons
 a - a +2 dagger (weapon)
Missiles
 d - 2 poisoned darts (quivered)
 e - 2 curare-tipped darts
 l - 17 sling bullets
 o - 10 stones
Armour
 b - a +0 robe (worn)
 n - the +0 cloak of Dramatic Exits (worn) {Int+2}
   (You bought it in a shop in the Dungeon)

   Int:       It affects your intelligence (+2).
 t - a +2 buckler of fire resistance (worn)
Jewellery
 m - the amulet of invisibility (around neck) {+Inv}
   (You found it in the Dungeon)

   [amulet of nothing]

   +Inv:      It lets you turn invisible.
Wands
 p - a wand of digging (7)
 r - a wand of iceblast (6)
Scrolls
 c - a scroll of enchant weapon
 k - a scroll of blinking
 q - a scroll of summoning
 s - 4 scrolls of identify
Potions
 f - 2 potions of curing
 h - a potion of haste
 i - 2 potions of magic
Miscellaneous
 j - a phantom mirror


   Skills:
 * Level 6.2 Fighting
 + Level 5.9 Short Blades
 + Level 5.0 Throwing
 * Level 9.9 Dodging
 * Level 22.2 Stealth
 * Level 3.0 Shields
 * Level 10.0 Evocations


You had 8 spell levels left.
You didn't know any spells.
Your spell library was empty.

Dungeon Overview and Level Annotations

Branches:
Dungeon (1/1)

Altars:
Cheibriados
Dithmenos
Elyvilon
Gozag
Hepliaklqana
Kikubaaqudgha
Makhleb
Nemelex Xobeh
Okawaru
Qazlal
Ru
Sif Muna
Trog
Uskayaw
Vehumet
Wu Jian
Xom
Yredelemnul
Zin
The Shining One
Beogh
Jiyva
Lugonu

Shops:
D *?[[


Innate Abilities, Weirdness & Mutations

You are very small and have problems with some larger weapons.
You are too small for most types of armour.
You have supernaturally acute eyesight. (SInv)
You cover ground extremely quickly. (Speed+++)


Message History

Aim: a spriggan druid, wielding a +0 quarterstaff and wearing a +0 robe (lightly wounded, very poisoned, 44% to hit)
You throw a poisoned dart.
The poisoned dart barely misses the spriggan druid.
A hornet comes into view.
There is an open door here.
Throw: 3 darts (poison)
Press: ? - help, Q - select action, (/) - cycle Shift-Dir - straight line, f/p - spriggan druid
Aim: a spriggan druid, wielding a +0 quarterstaff and wearing a +0 robe (lightly wounded, very poisoned, 44% to hit)
You throw a poisoned dart.
The poisoned dart completely misses the spriggan druid.
You flicker back into view.
The spriggan druid hits you with a +0 quarterstaff!!
You hit the hornet but do no damage. You block the hornet's attack.
You fail to use your ability.
The spriggan druid calls out to the beasts of the wild!
You block the hornet's attack.
You fade into invisibility!
You are lightly contaminated with residual magic.
You block the hornet's attack.
The spriggan druid hits you with a +0 quarterstaff!
* * * LOW HITPOINT WARNING * * *
The hornet closely misses you. The hornet closely misses you.
The spriggan druid calls out to the beasts of the wild!
You feel much better. You block the hornet's attack.
The spriggan druid hits you with a +0 quarterstaff.
You completely miss the spriggan druid.
The spriggan druid is lightly wounded.
The hornet stings you!
You suddenly lose the ability to move!
The hornet stings you!
* * * LOW HITPOINT WARNING * * *
You feel yourself slow down.
The spriggan druid hits you with a +0 quarterstaff.
* * * LOW HITPOINT WARNING * * *
The hornet stings you.
* * * LOW HITPOINT WARNING * * *
You shrug off the repeated paralysis!
The spriggan druid hits you with a +0 quarterstaff!
You die...
Your body crumbles into a pile of gold.

#<††.#.....#.....#.⌠._._._._.⌠
#P...'.....'.#...'.._._._._._.
#PPPP#.....#.#...#..._._._._..
###############'##.._._._._._.
#...♣........'...#._._._._._.⌠
#......♣.....#...#############
#.....♣..♣..######♣♣♣♣♣..♣(#
##'####'######.)'...(.(♣..♣#
#..#....'....@i.#♣..♣♣♣.♣..#
#..#.)###....y..#.♣♣.[♣.$$♣+
####### ########## #######


You could see a spriggan druid (poisoned) and a hornet.

Vanquished Creatures
  2 oklob plants (D)
  3 burning bushes (D)
  A queen bee (D)
  3 wandering mushrooms (D)
  3 scorpions (D)
  4 killer bees (D)
  5 oklob saplings (D)
  2 spriggans (D)
  A river rat (D)
  A rat (D)
25 creatures vanquished.

Vanquished Creatures (others)
  2 fungi (D)
2 creatures vanquished.

Grand Total: 27 creatures vanquished

Notes
Turn   | Place    | Note
-------+----------+-------------------------------------------
     0 | D        | styxcanada the Spriggan Brigand began the quest for the
                  | Orb.
     0 | D        | Reached XP level 1. HP: 10/10 MP: 2/2
    18 | D        | Reached skill level 6 in Stealth
    19 | D        | Reached skill level 7 in Stealth
    19 | D        | Reached XP level 2. HP: 11/15 MP: 3/3
   110 | D        | Noticed an oklob sapling
   112 | D        | Killed an oklob sapling
   113 | D        | Reached skill level 9 in Stealth
   113 | D        | Reached XP level 3. HP: 18/18 MP: 4/4
   114 | D        | Noticed a scorpion
   114 | D        | Found the amulet of invisibility {+Inv}
   116 | D        | Killed a scorpion
   117 | D        | Reached skill level 12 in Stealth
   117 | D        | Reached XP level 4. HP: 23/23 MP: 5/5
   132 | D        | Found an opulent altar of Gozag.
   132 | D        | Found a hazy altar of Hepliaklqana.
   132 | D        | Found a burning altar of Makhleb.
   132 | D        | Found a sparkling altar of Nemelex Xobeh.
   132 | D        | Found a snail-covered altar of Cheibriados.
   132 | D        | Found a sacrificial altar of Ru.
   132 | D        | Found a shimmering blue altar of Sif Muna.
   132 | D        | Found a shimmering altar of Xom.
   132 | D        | Found a basalt altar of Yredelemnul.
   140 | D        | Found a viscous altar of Jiyva.
   140 | D        | Found a bloodstained altar of Trog.
   140 | D        | Found an ornate altar of the Wu Jian Council.
   141 | D        | Found an iron altar of Okawaru.
   141 | D        | Found a shadowy altar of Dithmenos.
   141 | D        | Found a glowing silver altar of Zin.
   142 | D        | Found an ancient bone altar of Kikubaaqudgha.
   142 | D        | Found a hide-covered altar of Uskayaw.
   143 | D        | Found a stormy altar of Qazlal.
   143 | D        | Found a white marble altar of Elyvilon.
   143 | D        | Found a glowing golden altar of the Shining One.
   144 | D        | Became a worshipper of Gozag Ym Sagoz the Greedy
   145 | D        | Found a corrupted altar of Lugonu.
   145 | D        | Found a radiant altar of Vehumet.
   149 | D        | Reached skill level 13 in Stealth
   149 | D        | Reached XP level 5. HP: 28/28 MP: 3/6
   210 | D        | Reached skill level 5 in Dodging
   210 | D        | Reached skill level 1 in Evocations
   222 | D        | Reached skill level 14 in Stealth
   223 | D        | Reached skill level 15 in Stealth
   225 | D        | Reached XP level 6. HP: 33/33 MP: 5/7
   239 | D        | Found Jaolueliy's Magic Scroll Shop.
   239 | D        | Found Jynoaf's General Store.
   245 | D        | Bought a +0 buckler for 63 gold pieces
   245 | D        | Bought a wand of iceblast (6) for 140 gold pieces
   246 | D        | Bought 3 scrolls of identify for 72 gold pieces
   286 | D        | Noticed a burning bush
   286 | D        | Noticed a wandering mushroom
   287 | D        | Noticed a wandering mushroom
   337 | D        | Killed a wandering mushroom
   338 | D        | Reached skill level 17 in Stealth
   338 | D        | Killed a wandering mushroom
   339 | D        | Reached skill level 18 in Stealth
   339 | D        | Reached XP level 7. HP: 9/38 MP: 5/8
   611 | D        | Killed a burning bush
   612 | D        | Reached skill level 19 in Stealth
   612 | D        | Reached skill level 5 in Evocations
   627 | D        | Found Woatwovu's Antique Armour Emporium.
   627 | D        | Found Bips's Armour Shoppe.
   635 | D        | Bought a brightly glowing cloak for 313 gold pieces
   635 | D        | Identified the +0 cloak of Dramatic Exits {Int+2} (You
                  | bought it in a shop in the Dungeon)
   895 | D        | Reached skill level 5 in Fighting
   901 | D        | Noticed a queen bee
   908 | D        | Killed a queen bee
   909 | D        | Reached skill level 5 in Throwing
   909 | D        | Reached XP level 8. HP: 43/43 MP: 7/9
   910 | D        | Reached skill level 1 in Shields
   911 | D        | Reached skill level 20 in Stealth
   947 | D        | Noticed an oklob plant
   950 | D        | Killed an oklob plant
   951 | D        | Reached skill level 5 in Short Blades
   964 | D        | Noticed a burning bush
   967 | D        | Killed a burning bush
   968 | D        | Reached skill level 21 in Stealth
   968 | D        | Reached XP level 9. HP: 48/48 MP: 8/10
   979 | D        | Identified the +4 broad axe of Jeuvoul {antimagic, Dex+5}
  1038 | D        | Noticed a burning bush
  1038 | D        | Noticed an oklob plant
  1039 | D        | Noticed a wandering mushroom
  1040 | D        | Killed a burning bush
  1045 | D        | Killed an oklob plant
  1049 | D        | Killed a wandering mushroom
  1050 | D        | Reached skill level 22 in Stealth
  1050 | D        | Reached skill level 10 in Evocations
  1107 | D        | Bought a glowing buckler for 247 gold pieces
  1247 | D        | Bought a scroll of summoning for 114 gold pieces
  1295 | D        | Noticed a spriggan druid
  1319 | D        | Paralysed by a hornet for 3 turns
  1320 | D        | HP: 2/48 [hornet[a spriggan druid] (6)]
  1321 | D        | Demolished by a spriggan druid

Illustrated notes

Levels and vault maps discovered:
D:        dungeon_sprint_fedhas [sprint_temple]

Skill      XL: |  1  2  3  4  5  6  7  8  9 |
---------------+----------------------------+-----
Stealth        | 7 9 12 13 15 18 19 21 22 | 22.2
Dodging        | 2 3 4 5 7 8 9 |  9.9
Fighting       | 2 3 4 5 6 |  6.2
Throwing       | 3 4 5 |  5.0
Short Blades   | 3 4 5 |  5.9
Evocations     | 2 4 6 8 10 | 10.0
Shields        | 2 3 |  3.0

Action                   |  1- 3 |  4- 6 |  7- 9 || total
-------------------------+-------+-------+-------++-------
Melee: Dagger            |     8 |     8 |    39 ||    55
Throw: Dart              |     7 |       |     4 ||    11
 Abil: Evoke Invisibilit |       |     4 |     6 ||    10
  Use: Scroll            |       |     1 |     1 ||     2
       Potion            |       |       |     2 ||     2
 Stab: Sleeping          |     2 |     7 |    13 ||    22
Dodge: Dodged            |     1 |       |     5 ||     6
Block: Buckler           |       |       |     4 ||     4
